 Dungeon Crawl Stone Soup version 0.16.1 (webtiles) character file.

728 Ladykiller69 the Purveyor of Pain (level 7, -6/46 HPs)
             Began as a Demonspawn Necromancer on Mar 23, 2015.
             Was an Initiate of Kikubaaqudgha.
             Mangled by an ogre
             ... wielding a +0 giant club
              (16 damage)
             ... on level 7 of the Dungeon.
             The game lasted 00:35:36 (4894 turns).

Ladykiller69 the Purveyor of Pain (DsNe)            Turns: 4894, Time: 00:35:37

Health: -6/46      AC:  4    Str:  9      XL:     7   Next: 44%
Magic:  12/15      EV: 13    Int: 18      God:    Kikubaaqudgha [......]
Gold:   232        SH:  0    Dex: 12 (13) Spells: 4 memorised, 4 levels left

rFire  . . .     SeeInvis .     M - +0 halberd
rCold  . . .     Clarity  .     a - +0 robe
rNeg   . . .     SustAb   .     (no shield)
rPois  .         Gourm    .     (no helmet)
rElec  .         Spirit   .     (no cloak)
rCorr  .         Warding  .     K - +0 pair of gloves
rMut   .         Stasis   .     (no boots)
MR     .....                    (no amulet)
Stlth  +++.......               (no ring)
                                (no ring)

@: not resistant to hostile enchantments, fairly stealthy
A: claws 1, icy blue scales 1, nightstalker 1, spiny 1
a: Renounce Religion


You were on level 7 of the Dungeon.
You worshipped Kikubaaqudgha.
Kikubaaqudgha was noncommittal.
You were hungry.

You visited 2 branches of the dungeon, and saw 8 of its levels.

You collected 268 gold pieces.
You spent 36 gold pieces at shops.

Inventory:

Hand weapons
 g - a +0 club
 i - a +0 whip
 k - a -1 spear
 n - a +0 spear
 I - a +0 trident
 M - a +0 halberd (weapon)
Armour
 a - a +0 robe (worn)
 o - a +0 pair of gloves
 x - a quicksilver dragon hide
 K - a +0 pair of gloves (worn)
Magical staves
 y - an uncursed staff of fire
Jewellery
 l - a cursed -6 ring of intelligence {unknown}
 N - an uncursed ring of protection from fire {unknown}
Magical devices
 d - a wand of paralysis (13)
 p - a wand of flame (6)
 H - a wand of flame (24)
 J - a wand of disintegration (13)
 O - a wand of slowing (32)
 P - a wand of random effects (17)
Scrolls
 e - 7 scrolls of identify
 j - a scroll of magic mapping {unknown}
 q - a scroll of enchant armour {unknown}
 r - a scroll of random uselessness {unknown}
 s - 4 scrolls of teleportation
 t - a scroll of enchant weapon {unknown}
 v - 4 scrolls of fog {unknown}
 z - 2 scrolls of remove curse
 C - a scroll of amnesia {unknown}
 F - a scroll of immolation {unknown}
 G - a scroll of noise {unknown}
 L - a scroll of recharging {unknown}
Potions
 h - 3 potions of magic
 m - a potion of might {unknown}
 w - 2 potions of restore abilities {unknown}
 B - a potion of curing {unknown}
 D - 4 potions of poison {unknown}
 E - a potion of brilliance {unknown}
Books
 b - a book of Necromancy

   Spells                             Type                      Level
   a - Pain                           Necromancy                   1
   b - Animate Skeleton               Necromancy                   1
   c - Vampiric Draining              Necromancy                   3
   d - Regeneration                   Charms/Necromancy            3
   e - Animate Dead                   Necromancy                   4
   f - Control Undead                 Necromancy                   4
Comestibles
 c - 6 bread rations
 f - 5 meat rations
 u - 6 fruits
 A - a royal jelly


   Skills:
 + Level 2.9 Polearms
 + Level 3.8 Dodging
 - Level 2.0 Stealth
 + Level 3.7 Spellcasting
 * Level 7.2 Necromancy


You had 4 spell levels left.
You knew the following spells:

 Your Spells              Type           Power        Failure   Level  Hunger
a - Pain                  Necr           ####         1%          1    None
b - Animate Skeleton      Necr           N/A          1%          1    None
c - Regeneration          Chrm/Necr      ###.......   12%         3    ###....
d - Animate Dead          Necr           N/A          10%         4    ####...


Dungeon Overview and Level Annotations

Branches:
Dungeon (7/15)             Temple (1/1) D:6

Altars:
Dithmenos
Elyvilon
Fedhas
Gozag
Kikubaaqudgha
Nemelex Xobeh
Okawaru
Qazlal
Ru
Sif Muna
Trog
Vehumet
Xom
Zin
The Shining One

Shops:
D:4 (   D:6 *

Annotations:
D:5 Eustachio
D:6 Aelig's ghost, average OpCj


Innate Abilities, Weirdness & Mutations

You have sharp fingernails.
You are partially covered in icy blue scales (AC +1).
You are slightly more attuned to the shadows.
You are partially covered in sharp spines.


Message History

Your skin is crawling a little less now.
The ogre closely misses you.
You hit the ogre but do no damage.
The ogre is lightly wounded.
The ogre barely misses you.
You hit the ogre but do no damage.
The ogre is lightly wounded.
The ogre barely misses you.
You barely miss the ogre.
The ogre is lightly wounded.
The ogre closely misses you.
You completely miss the ogre.
The ogre is lightly wounded.
Your skin stops crawling.
The ogre hits you with a giant club!!
Ouch! That really hurt!
* * * LOW HITPOINT WARNING * * *
The ogre hits you with a giant club!
You die...
Kikubaaqudgha rasps: "You have failed me!
Welcome... death!"

.. ...#
..##...
#....#
+....#
#....#####
#....<...#
#####....#
#....#
#.@O.#
#....#
######


You could see an ogre.

Vanquished Creatures
  A black bear (D:7)
  A quasit (D:6)
  A goliath beetle (D:6)
  A jelly (D:5)
  2 crimson imps
  Natasha (twice) (D:3)
  3 orc wizards
  7 worker ants
  7 adders
  2 shadow imps (D:5)
  3 worms
  A giant mite (D:5)
  An adder skeleton (D:7)
  3 giant geckos
  9 orcs
  11 bats
  2 bat skeletons (D:4)
  5 giant cockroaches
  9 goblins
  11 hobgoblins
  5 jackals
  2 ball pythons
  A giant newt (D:4)
  A jackal skeleton (D:5)
  16 kobolds
  2 quokkas
  9 rats
118 creatures vanquished.

Vanquished Creatures (collateral kills)
  A hobgoblin (D:7)
1 creature vanquished.

Vanquished Creatures (others)
  An adder skeleton (D:7)
  A goblin skeleton (D:7)
  A hobgoblin skeleton (D:3)
  2 jackal skeletons (D:5)
  A kobold skeleton (D:3)
  A quokka zombie (D:6)
  A rat skeleton (D:6)
8 creatures vanquished.

Grand Total: 127 creatures vanquished

Notes
Turn   | Place    | Note
--------------------------------------------------------------
     0 | D:1      | Ladykiller69, the Demonspawn Necromancer, began the quest for the Orb.
     0 | D:1      | Reached XP level 1. HP: 13/13 MP: 3/3
   222 | D:1      | Gained mutation: You are partially covered in icy blue scales (AC +1). [demonic ancestry]
   222 | D:1      | Reached XP level 2. HP: 11/19 MP: 2/4
   750 | D:1      | Reached XP level 3. HP: 18/24 MP: 1/6
   995 | D:2      | Reached skill level 5 in Necromancy
  1010 | D:3      | Noticed Natasha
  1087 | D:2      | Learned a level 1 spell: Animate Skeleton
  1391 | D:3      | Killed Natasha
  1391 | D:3      | Gained mutation: You have sharp fingernails. [demonic ancestry]
  1391 | D:3      | Reached XP level 4. HP: 6/30 MP: 1/8
  1473 | D:3      | Noticed Natasha
  1576 | D:3      | Learned a level 3 spell: Regeneration
  1623 | D:3      | Reached skill level 1 in Polearms
  1800 | D:3      | Reached XP level 5. HP: 15/35 MP: 1/9
  1873 | D:3      | Killed Natasha
  2046 | D:4      | Found a blossoming altar of Fedhas.
  2310 | D:5      | Entered Level 5 of the Dungeon
  2492 | D:5      | Reached skill level 6 in Necromancy
  2584 | D:5      | Gained mutation: You are partially covered in sharp spines. [demonic ancestry]
  2584 | D:5      | Reached XP level 6. HP: 22/41 MP: 9/11
  2615 | D:5      | Noticed Eustachio
  3068 | D:4      | Found Mus Lou's Weapon Boutique.
  3666 | D:6      | Learned a level 4 spell: Animate Dead
  3757 | D:6      | Found a staircase to the Ecumenical Temple.
  3762 | D:6      | Noticed Aelig's ghost (average OpCj)
  3766 | Temple   | Entered the Ecumenical Temple
  3784 | Temple   | Became a worshipper of Kikubaaqudgha
  3846 | D:6      | Found a stormy altar of Qazlal.
  3846 | D:6      | Found a sparkling altar of Nemelex Xobeh.
  3871 | D:6      | Found Watimit's General Store.
  3875 | D:6      | Bought a scroll of teleportation for 36 gold pieces
  4143 | D:6      | Gained mutation: You are slightly more attuned to the shadows. [demonic ancestry]
  4143 | D:6      | Reached XP level 7. HP: 37/46 MP: 15/15
  4376 | D:6      | Found a shadowy altar of Dithmenos.
  4377 | D:6      | Found a glowing silver altar of Zin.
  4377 | D:6      | Found a shimmering altar of Xom.
  4378 | D:6      | Found a bloodstained altar of Trog.
  4379 | D:6      | Found a glowing golden altar of the Shining One.
  4581 | D:6      | Reached skill level 7 in Necromancy
  4817 | D:7      | Noticed a yak
  4817 | D:7      | Noticed a yak
  4817 | D:7      | Noticed a yak
  4894 | D:7      | Mangled by an ogre

Action                   |  1- 3 |  4- 6 |  7- 9 || total
-------------------------+-------+-------+-------++-------
Melee: Whip              |     9 |       |       ||     9
       Unarmed           |     2 |       |       ||     2
       Spear             |    62 |   127 |       ||   189
       Trident           |       |    86 |    25 ||   111
       Halberd           |       |       |    11 ||    11
 Cast: Pain              |    58 |   118 |    24 ||   200
       Animate Skeleton  |     1 |     4 |     3 ||     8
       Regeneration      |       |    15 |     3 ||    18
       Animate Dead      |       |       |     1 ||     1
Evoke: Wand              |     2 |     1 |       ||     3
  Use: Scroll            |     2 |       |       ||     2
 Stab: Sleeping          |     1 |     5 |     1 ||     7
       Distracted        |       |       |     1 ||     1
  Eat: Chunk             |     2 |    11 |     3 ||    16
